 Dungeon Crawl Stone Soup version 0.28-a0-1356-g2ad6d04315 (webtiles) character file.

Game seed: 16134278281313057281

123 Vash the Caller (level 5, -2/37 HPs)
             Began as a Gnoll Summoner on Dec 31, 2021.
             Killed by divine providence
             ... invoked by an orc priest
              (13 damage)
             ... on level 3 of the Dungeon.
             The game lasted 00:08:08 (3450 turns).

Vash the Caller (Gnoll Summoner)                    Turns: 3450, Time: 00:08:09

Health: -2/37      AC:  2    Str:  7    XL:     5   Next: 7%
Magic:  12/12      EV: 13    Int: 17    God:
Gold:   62         SH:  0    Dex: 12    Spells: 11/14 levels left

rFire   . . .      SeeInvis .   g - +1 short sword (flame)
rCold   . . .      Faith    .   (no shield)
rNeg    . . .      Spirit   .   a - +0 robe
rPois   .          Reflect  .   (no helmet)
rElec   .          Harm     .   (no cloak)
rCorr   .          Rampage  .   (no gloves)
Will    .....                   (no boots)
Stlth   +++.......              (no amulet)
HPRegen 0.12/turn               (no ring)
MPRegen 0.13/turn               (no ring)

@: about to teleport
A: fangs 1, strong nose, distributed training
a: no special abilities


You were on level 3 of the Dungeon.
You visited 1 branch of the dungeon, and saw 4 of its levels.

You collected 62 gold pieces.

Inventory:

Hand Weapons
 g - a +1 short sword of flaming (weapon)
Missiles
 b - a throwing net
Armour
 a - a +0 robe (worn)
 h - a +0 leather armour
Scrolls
 d - 2 scrolls of identify
 i - 2 scrolls of amnesia
 m - a scroll of noise {unknown}
Potions
 c - 3 potions of attraction {unknown}
 f - 2 potions of curing {unknown}
 j - a potion of haste {unknown}
 k - a potion of invisibility {unknown}
 l - 2 potions of magic {unknown}


   Skills:
 + Level 1.3 Fighting
 + Level 1.3 Short Blades
 + Level 1.3 Long Blades
 + Level 1.3 Axes
 + Level 1.3 Maces & Flails
 + Level 1.3 Polearms
 + Level 1.3 Staves
 + Level 1.3 Slings
 + Level 1.3 Bows
 + Level 1.3 Crossbows
 + Level 1.3 Throwing
 + Level 1.3 Armour
 + Level 4.7 Dodging
 + Level 4.3 Stealth
 + Level 1.3 Shields
 + Level 1.3 Unarmed Combat
 + Level 5.1 Spellcasting
 + Level 1.1 Conjurations
 + Level 1.1 Hexes
 + Level 7.1 Summonings
 + Level 1.1 Necromancy
 + Level 1.1 Translocations
 + Level 1.1 Transmutations
 + Level 1.1 Fire Magic
 + Level 1.1 Ice Magic
 + Level 1.1 Air Magic
 + Level 1.1 Earth Magic
 + Level 1.1 Poison Magic
 + Level 1.5 Invocations
 + Level 1.3 Evocations


You had 11 spell levels left.
You knew the following spells:

 Your Spells              Type           Power      Damage    Failure   Level
a - Summon Small Mammal   Summ           100%       N/A       1%          1
b - Call Imp              Summ           28%        N/A       1%          2

Your spell library contained the following spells:

 Spells                   Type           Power      Damage    Failure   Level
 Call Canine Familiar     Summ           28%        N/A       2%          3
 Summon Guardian Golem    Hex/Summ       18%        N/A       8%          3
 Confusing Touch          Hex            8%         N/A       26%         3
 Ozocubu's Armour         Ice            8%         N/A       26%         3
 Summon Lightning Spire   Summ/Air       18%        N/A       26%         4
 Yara's Violent Unravell  Hex/Tmut       4%         3d4       94%         5
 Enfeeble                 Hex            4%         N/A       100%        7
 Ozocubu's Refrigeration  Ice            4%         4d5       100%        7


Dungeon Overview and Level Annotations

Branches:
Dungeon (4/15)
 Temple: D:4-7

Altars:
Elyvilon
Xom


Innate Abilities, Weirdness & Mutations

You have very sharp teeth.
Your uncanny sense of smell can sniff out nearby items.
Your experience applies equally to all skills.


Message History

The dart slug launches a dart at your crimson imp.
The slug dart hits your crimson imp.
You catch the helpless dart slug completely off-guard!
You puncture the dart slug! You burn the dart slug.
You kill the dart slug!
No target in view!
No target in view!
No target in view!
You swap places.
Found an escape hatch in the ceiling.
Your crimson imp blinks!
You swap places.
There is an escape hatch in the ceiling here.
You hit the bush. You burn the bush.
The bush is lightly damaged.
You hit the bush but do no damage.
The bush is lightly damaged.
Your crimson imp hits the bush but does no damage.
Your crimson imp hits the bush but does no damage.
Found a white marble altar of Elyvilon.
Your crimson imp hits the bush but does no damage.
An orc priest comes into view. It is wielding a +0 flail.
The orc priest shouts!
An orc comes into view. It is wielding a +0 short sword.
Your crimson imp hits the bush but does no damage.
The orc priest calls down the wrath of Beogh upon you.
Beogh smites you!
The orc hits the bush but does no damage.
The orc shouts!
You hear a shout!
You hear a shout! x2
The orc priest invokes the aid of Beogh against you.
Beogh smites you!
* * * LOW HITPOINT WARNING * * *
The orc completely misses the bush.
Your crimson imp blinks!
As you read the scroll of teleportation, it crumbles to dust.
You feel strangely unstable.
The orc priest calls down the wrath of Beogh upon you.
Beogh smites you!
You die... ♣♣♣ . oP.

# #. ♣♣o♣♣ .#
#P.♣♣P.P♣♣.P# ♣.♣P...P♣.♣
.# ♣...._...P♣#.#
#♣.♣..@..♣.♣..# ##.
##..♣♣P.P♣♣.P.### ##...
#..P.♣♣.♣♣P.....# ... .
#.≈≈P..P..P≈≈.#.##.....?
#.≈≈..♣♣♣P.≈≈....#.#...#
#.##<............b...[.#
...........######.....####
#######....# ####..#...#
#.....##.....##...#


You could see an orc priest and an orc.

Vanquished Creatures
  A howler monkey skeleton (D:3)
  An adder (D:1)
  A dart slug (D:3)
  2 ball pythons
  6 endoplasms
  A giant cockroach (D:1)
  4 hobgoblins
  A jackal (D:1)
  3 bats
  4 frilled lizards
  11 goblins
  2 kobolds
  2 rats (D:2)
39 creatures vanquished.

Vanquished Creatures (collateral kills)
  Terence (D:2)
  Robin (D:2)
  An adder (D:1)
  An orc (D:4)
  A ball python (D:1)
  3 goblins (D:1)
  A jackal (D:1)
  A quokka (D:1)
  2 bats (D:1)
  A frilled lizard (D:1)
  3 kobolds (D:1)
16 creatures vanquished.

Vanquished Creatures (others)
  A goblin (D:2)
1 creature vanquished.

Grand Total: 56 creatures vanquished

Notes
Turn   | Place    | Note
-------+----------+-------------------------------------------
     0 | D:1      | Vash the Gnoll Summoner began the quest for the Orb.
     0 | D:1      | Reached XP level 1. HP: 13/13 MP: 6/6
    80 | D:1      | Reached XP level 2. HP: 3/19 MP: 4/7
  1110 | D:1      | Reached XP level 3. HP: 25/25 MP: 9/9
  1273 | D:1      | Reached skill level 5 in Spellcasting
  1381 | D:1      | Learned a level 2 spell: Call Imp
  1383 | D:2      | Noticed Robin
  1396 | D:1      | Reached skill level 1 in Invocations
  1636 | D:1      | Reached skill level 1 in Fighting
  1636 | D:1      | Reached skill level 1 in Short Blades
  1636 | D:1      | Reached skill level 1 in Long Blades
  1636 | D:1      | Reached skill level 1 in Axes
  1636 | D:1      | Reached skill level 1 in Maces & Flails
  1636 | D:1      | Reached skill level 1 in Polearms
  1636 | D:1      | Reached skill level 1 in Staves
  1636 | D:1      | Reached skill level 1 in Slings
  1636 | D:1      | Reached skill level 1 in Bows
  1636 | D:1      | Reached skill level 1 in Crossbows
  1636 | D:1      | Reached skill level 1 in Throwing
  1636 | D:1      | Reached skill level 1 in Armour
  1636 | D:1      | Reached skill level 1 in Shields
  1636 | D:1      | Reached skill level 1 in Unarmed Combat
  1636 | D:1      | Reached skill level 1 in Evocations
  2023 | D:2      | Killed Robin
  2024 | D:2      | Reached XP level 4. HP: 20/32 MP: 9/11
  2441 | D:2      | Noticed Terence
  2452 | D:2      | HP: 1/32 [Terence (4)]
  2459 | D:2      | Killed Terence
  2460 | D:2      | Reached skill level 1 in Conjurations
  2460 | D:2      | Reached skill level 1 in Hexes
  2460 | D:2      | Reached skill level 1 in Necromancy
  2460 | D:2      | Reached skill level 1 in Translocations
  2460 | D:2      | Reached skill level 1 in Transmutations
  2460 | D:2      | Reached skill level 1 in Fire Magic
  2460 | D:2      | Reached skill level 1 in Ice Magic
  2460 | D:2      | Reached skill level 1 in Air Magic
  2460 | D:2      | Reached skill level 1 in Earth Magic
  2460 | D:2      | Reached skill level 1 in Poison Magic
  2809 | D:2      | Found a faded altar of an unknown god.
  3241 | D:3      | You fall into a shaft and drop 1 floor!
  3241 | D:4      | Noticed a phantom
  3253 | D:4      | Found a shimmering altar of Xom.
  3294 | D:4      | Reached XP level 5. HP: 29/37 MP: 12/12
  3446 | D:3      | Found a white marble altar of Elyvilon.
  3450 | D:3      | Killed from afar by an orc priest

Illustrated notes

Levels and vault maps discovered:
D:1:      dpeg_arrival_fog, layout_rooms, minmay_misc_feat_five, moated_statue
D:2:      layout_rooms, hellmonk_ecumenical_altar_crossroads, minivault_25,
          uniq_robin, uniq_terence
D:3:      layout_rooms, nicolae_elyvilon_peaceful_grove, lemuel_round_altar,
          serial_curves, eino_curves_03, eino_curves_02,
          grunt_decor_mini_mirrors
D:4:      minmay_wonky_spiral, layout_loops_corners,
          mainiacjoe_overflow_surrounded_room, lemuel_doored_altar,
          xom_confusion_cloud, nicolae_ossuary_entry_monument,
          nicolae_shop_gadgets

Skill      XL: |  1  2  3  4 |
---------------+-------------+-----
Spellcasting   | 5 |  5.1
Invocations    | 1 |  1.5
Fighting       | 1 |  1.3
Short Blades   | 1 |  1.3
Long Blades    | 1 |  1.3
Axes           | 1 |  1.3
Maces & Flails | 1 |  1.3
Polearms       | 1 |  1.3
Staves         | 1 |  1.3
Slings         | 1 |  1.3
Bows           | 1 |  1.3
Crossbows      | 1 |  1.3
Throwing       | 1 |  1.3
Armour         | 1 |  1.3
Shields        | 1 |  1.3
Unarmed Combat | 1 |  1.3
Evocations     | 1 |  1.3
Conjurations   | 1 |  1.1
Hexes          | 1 |  1.1
Necromancy     | 1 |  1.1
Translocations | 1 |  1.1
Transmutations | 1 |  1.1
Fire Magic     | 1 |  1.1
Ice Magic      | 1 |  1.1
Air Magic      | 1 |  1.1
Earth Magic    | 1 |  1.1
Poison Magic   | 1 |  1.1
Dodging        | |  4.7
Stealth        | |  4.3
Summonings     | |  7.1

Action                   |  1- 3 |  4- 6 || total
-------------------------+-------+-------++-------
Melee: Dagger            |    43 |       ||    43
       Unarmed           |     2 |       ||     2
       Short sword       |    48 |    47 ||    95
       Bite              |     5 |     2 ||     7
 Cast: Summon Small Mamm |    11 |       ||    11
       Call Imp          |     2 |     4 ||     6
  Use: Scroll            |       |     3 ||     3
 Stab: Sleeping          |     4 |     6 ||    10
       Distracted        |     1 |     1 ||     2
Armor: Robe              |    31 |     5 ||    36
Dodge: Dodged            |   100 |    22 ||   122

Table legend: (Time is in decaauts)
 A = Elapsed time spent in this place.
 B = Non-inter-level travel time spent in this place.
 C = Inter-level travel time spent in this place.
 D = Time resting spent in this place.
 E = Time spent auto-exploring this place.
 F = Levels seen in this place.
 G = Mean time per level.
                   A        B        C        D        E       F      G
               +--------+--------+--------+--------+--------+-----+--------+
         Total |   3459 |   3361 |     98 |   1747 |    924 |   4 |  864.8 |
       Dungeon |   3459 |   3361 |     98 |   1747 |    924 |   4 |  864.8 |
               +--------+--------+--------+--------+--------+-----+--------+

Top non-repeatable levels by time:
     D:1: 1996 daAuts
     D:2: 1015 daAuts
     D:3: 341 daAuts
     D:4: 106 daAuts
